 Dungeon Crawl Stone Soup version 0.24-a0-355-gbe4061de67 (console) character file.

Game seed: 6457447132335728229

62 Voker57 the Skirmisher (level 3, -4/30 HPs)
             Began as a Demonspawn Monk on May 24, 2019.
             Slain by a worker ant (6 damage)
             ... on level 2 of the Dungeon.
             The game lasted 00:01:28 (1253 turns).

Voker57 the Skirmisher (Demonspawn Monk)            Turns: 1253, Time: 00:01:29

Health: -4/30      AC:  4    Str: 12    XL:     3   Next: 85%
Magic:  3/3        EV: 14    Int: 11    God:
Gold:   28         SH:  0    Dex: 15    Spells: 2/2 levels left

rFire    . . .     SeeInvis .   a - +0 falchion
rCold    . . .     Gourm    .   (no shield)
rNeg     . . .     Faith    .   b - +0 robe
rPois    .         Spirit   .   (no helmet)
rElec    .         Reflect  .   (no cloak)
rCorr    .         Harm     .   (no gloves)
MR       .....                  (no boots)
Stlth    +++.......             (no amulet)
HPRegen  0.10/turn              (no ring)
MPRegen  0.08/turn              (no ring)

@: lethally poisoned (-4 -> -10)
A: icy blue scales 1, nightstalker 1
a: no special abilities


You were on level 2 of the Dungeon.
You were not hungry.

You visited 1 branch of the dungeon, and saw 2 of its levels.

You collected 28 gold pieces.

Inventory:

Hand Weapons
 a - a +0 falchion (weapon)
Armour
 b - a +0 robe (worn)
Jewellery
 k - an uncursed ring of protection from fire
Scrolls
 f - a scroll of amnesia {unknown}
 g - 2 scrolls of fog {unknown}
 h - a scroll of enchant weapon {unknown}
 i - a scroll of identify {unknown}
 j - a scroll of teleportation {unknown}
 l - a scroll of enchant armour {unknown}
 m - 2 scrolls of magic mapping {unknown}
Potions
 d - a potion of brilliance
Comestibles
 c - 4 rations


   Skills:
 + Level 3.9 Fighting
 - Level 2.6 Long Blades
 + Level 3.6 Dodging
 - Level 1.7 Stealth


You had 2 spell levels left.
You didn't know any spells.
Your spell library was empty.

Dungeon Overview and Level Annotations

Branches:
Dungeon (2/15)

Altars:


Innate Abilities, Weirdness & Mutations

You are partially covered in icy blue scales. (AC +2)
You are slightly more attuned to the shadows.


Message History

The worker ant is severely wounded.
* * * LOW HITPOINT WARNING * * *
You feel sick. The worker ant misses you.
You riposte.
You hit the worker ant.
The worker ant is severely wounded.
You closely miss the worker ant.
The worker ant is severely wounded.
* * * LOW HITPOINT WARNING * * *
You feel sick.
The worker ant bites you but does no damage.
The worker ant misses you.
You hit the worker ant but do no damage.
The worker ant is severely wounded.
* * * LOW HITPOINT WARNING * * *
You feel sick. The worker ant misses you.
You riposte.
You barely miss the worker ant.
The worker ant is severely wounded.
You closely miss the worker ant.
The worker ant is severely wounded.
* * * LOW HITPOINT WARNING * * *
You feel sick. The worker ant bites you.
You die...

#g##### #(.gg.g
#####+######## .....
#.........# ....#
#.........# ...#
#........)# $.#
#.........# /#####.#
#.(.).....#
.......#########'########
.......a@................
.......#########.###.####
.......# #.# #.# ......†#
#.# #.# ######.# #.# #.#
#.# #.# #.# #.#########.#
#.# ..........#.# #.#
#...........# #.#
#######.## #.#


You could see a worker ant.

Vanquished Creatures
  A gnoll (D:2)
  An adder (D:1)
  An ooze (D:2)
  A worm (D:2)
  3 leopard geckos
  3 goblins
  6 hobgoblins
  2 jackals
  A quokka (D:2)
  5 bats
  2 frilled lizards (D:1)
  3 kobolds
  4 rats
33 creatures vanquished.

Notes
Turn   | Place    | Note
-------+----------+-------------------------------------------
     0 | D:1      | Voker57 the Demonspawn Monk began the quest for the Orb.
     0 | D:1      | Reached XP level 1. HP: 18/18 MP: 1/1
   167 | D:1      | Gained mutation: You are partially covered in icy blue
                  | scales. (AC +2) [demonic ancestry]
   167 | D:1      | Reached XP level 2. HP: 20/24 MP: 2/2
   616 | D:2      | HP: 1/24 [gnoll (8)]
   918 | D:1      | Gained mutation: You are slightly more attuned to the
                  | shadows. [demonic ancestry]
   918 | D:1      | Reached XP level 3. HP: 20/30 MP: 3/3
  1253 | D:2      | Slain by a worker ant

Levels and vault maps discovered:
D:1:      lemuel_arrival_rhombus, layout_rooms, item_on_display_a
D:2:      layout_basic, lemuel_crystal_altar, glass_columns_a

Skill      XL: |  1 |
---------------+----+-----
Dodging        | 3 |  3.6
Fighting       | |  3.9
Long Blades    | |  2.6
Stealth        | |  1.7

Action                   || total
-------------------------++-------
Melee: Falchion          ||   111
  Use: Potion            ||     2
       Scroll            ||     1
 Stab: Sleeping          ||     8
  Eat: Chunk             ||     1
Armor: Robe              ||    31
Dodge: Dodged            ||   108
       Rpst.: Falchion   ||    40

Table legend:
 A = Non-vault XP
 B = Vault XP
 C = Vault XP percentage of total XP
 D = Non-vault monster count
 E = Vault monster count
 F = Vault count percentage of total count
                 A         B        C        D         E       F
            +---------+---------+-------+---------+---------+-------
      Total |      89 |       0 |   0.0 |      33 |       0 |   0.0
            +---------+---------+-------+---------+---------+-------
        D:1 |      45 |       0 |   0.0 |      20 |       0 |   0.0
        D:2 |      44 |       0 |   0.0 |      13 |       0 |   0.0
            +---------+---------+-------+---------+---------+-------
